 Dungeon Crawl Stone Soup version 0.18-a0-1774-gce1f7b6 (webtiles) character file.

6882 dobroeutro the Protected (level 11, -2/63 HPs)
             Began as a Gargoyle Fighter on Apr 15, 2016.
             Slain by a porcupine (9 damage)
             ... on level 8 of the Dungeon.
             The game lasted 00:19:32 (8422 turns).

dobroeutro the Protected (Gargoyle Fighter)         Turns: 8422, Time: 00:19:33

Health: -2/63      AC: 26    Str: 23      XL:     11   Next: 6%
Magic:  11/11      EV: 12    Int: 10      God:
Gold:   287        SH:  7    Dex:  7 (8)  Spells: 0 memorised, 10 levels left

rFire  + . .     SeeInvis .     y - +1 morningstar (protect)
rCold  . . .     Gourm    .     H - +2 ring mail {rF+}
rNeg   + . .     Faith    .     l - +2 buckler
rPois  ∞         Spirit   .     (helmet restricted)
rElec  +         Dismiss  +     F - +2 cloak
rCorr  .         Reflect  .     (no gloves)
SustAt .         Harm     .     (no boots)
MR     +....                    x - amulet of dismissal
Stlth  ..........               B - ring of wizardry
                                G - ring of protection from magic

@: somewhat resistant to hostile enchantments, extremely unstealthy
A: hooves 1, horns 1, repulsion field 1, blink, clumsy 1, deterioration 1, frail
1, negative energy resistance 1, shaggy fur 1, electricity resistance, strong 1,
unbreathing, petrification resistance, rot immunity, AC +7
a: Blink


You were on level 8 of the Dungeon.
You were not hungry.

You visited 2 branches of the dungeon, and saw 13 of its levels.

You collected 485 gold pieces.
You spent 198 gold pieces at shops.

Inventory:

Hand Weapons
 y - a +1 morningstar of protection (weapon)
Armour
 b - a +0 scale mail
 c - a +0 shield
 l - a +2 buckler (worn)
 r - a +0 helmet
 F - a +2 cloak (worn)
 H - a +2 ring mail of fire resistance (worn)
Jewellery
 k - an uncursed ring of ice
 x - an amulet of dismissal (around neck)
 B - a ring of wizardry (right hand)
 G - a ring of protection from magic (left hand)
Wands
 a - a wand of digging (8/24)
 e - a wand of confusion (29/48)
 C - a wand of confusion (48/48)
Scrolls
 j - a scroll of remove curse
 m - 4 scrolls of identify
 n - 4 scrolls of fog
 p - 2 scrolls of fear
 t - 4 scrolls of teleportation
 v - 3 scrolls of amnesia
 w - a scroll of blinking
 D - a scroll of enchant armour {unknown}
Potions
 d - a potion of might
 g - 2 potions of agility
 h - 6 potions of curing
 i - 2 potions of haste
 o - a potion of resistance
 q - a potion of brilliance
 s - 2 potions of invisibility
 u - a potion of degeneration
 A - a potion of magic
 I - 2 potions of berserk rage
Comestibles
 f - 13 bread rations
 z - 3 fruits


   Skills:
 + Level 9.6 Fighting
 + Level 8.7 Maces & Flails
 + Level 9.9 Armour
 + Level 9.5 Shields


You had 10 spell levels left.
You didn't know any spells.

Dungeon Overview and Level Annotations

Branches:
Dungeon (12/15)            Temple (1/1) D:4
   Lair: D:8-11         Orc: D:9-12

Altars:
Ashenzari
Cheibriados
Dithmenos
Elyvilon
Fedhas
Gozag
Kikubaaqudgha
Makhleb
Nemelex Xobeh
Pakellas
Qazlal
Ru
Sif Muna
Trog
Vehumet
Xom
Yredelemnul
Zin
The Shining One

Shops:
D:4 *   D:8 *


Innate Abilities, Weirdness & Mutations

You are resistant to torment.
Your stone body is resilient (AC +7).
You are immune to poison.
You resist negative energy.
You are resistant to electric shocks.
You can survive without breathing.
You are immune to petrification.
You are immune to rotting.
You have large cloven feet.
You have a pair of small horns on your head.
You are surrounded by a mild repulsion field (EV +2).
You can translocate small distances at will.
You are clumsy. (Dex -2)
Your body sometimes deteriorates upon taking damage.
You are frail (-10% HP).
You are covered in fur (AC +1).
Your muscles are strong. (Str +2)


Message History

The jackal bites you but does no damage.
The porcupine bites you but does no damage.
You block the jackal's attack. You block the jackal's attack.
The jackal closely misses you. You block the jackal's attack.
The jackal closely misses you.
The porcupine bites you but does no damage.
A worker ant comes into view.
The worker ant twitches its antennae in your direction.
The porcupine bites you but does no damage.
There is a stone staircase leading up here.
The porcupine bites you!
* * * LOW HITPOINT WARNING * * *
You climb upwards.
There is a stone staircase leading down here.
The porcupine bites you but does no damage.
You block the porcupine's attack. The porcupine misses you.
The porcupine bites you!
You die...

##..##.#.##..# ###.....
#..##..#.#..####....##.
#.#................####
#.#....###..........###
#.#...###............##
#.#...#..............##
#.#.....#..............
#.#.................###
##.#...@r......##...####
##......##############
#. #..###..# #. ####
#.## #############.
##.#####.............
#.....†).............
#..#####..........###
##..# #..........# #...#
#..........#


You could see a porcupine.

Vanquished Creatures
  Harold (D:11)
  The ghost of dobroeutro the Protected, a novice GrFi (D:8)
  Pikel (D:7)
  Grinder (D:4)
  2 two-headed ogres
  A spriggan (D:7)
  Sigmund (D:2)
  A hungry ghost (D:9)
  2 yaks (D:8)
  A hippogriff (D:8)
  A water moccasin (D:8)
  2 porcupines (D:8)
  An ice beast (D:8)
  2 orc warriors
  A sky beast (D:7)
  A phantom (D:5)
  4 ogres
  2 black bears
  2 centaurs
  6 giant frogs
  A big kobold (D:9)
  2 gnoll sergeants
  5 killer bees (D:7)
  4 howler monkeys
  5 crimson imps
  A giant frog zombie (D:5)
  2 quasits
  3 hounds
  2 jellies
  3 orc priests
  7 orc wizards
  A centaur skeleton (D:6)
  A giant frog skeleton (D:7)
  2 iguanas
  4 worker ants
  A killer bee zombie (D:5)
  15 gnolls
  8 adders
  2 oozes (D:2)
  2 adder zombies
  5 worms
  2 dart slugs (D:2)
  7 giant geckos
  38 orcs
  8 giant cockroaches
  7 goblins
  10 hobgoblins
  15 jackals
  14 kobolds
  7 quokkas
  4 ball pythons
  12 bats
  A giant gecko skeleton (D:7)
  4 giant newts
  A quokka skeleton (D:4)
  A quokka zombie (D:6)
  7 rats
248 creatures vanquished.

Vanquished Creatures (others)
  An adder (D:7)
1 creature vanquished.

Grand Total: 249 creatures vanquished

Notes
Turn   | Place    | Note
--------------------------------------------------------------
     0 | D:1      | dobroeutro the Gargoyle Fighter began the quest for the Orb.
     0 | D:1      | Reached XP level 1. HP: 14/14 MP: 1/1
   156 | D:1      | Reached XP level 2. HP: 18/19 MP: 2/2
   317 | D:1      | Found a glowing golden altar of the Shining One.
   966 | D:1      | Reached XP level 3. HP: 20/23 MP: 3/3
  1074 | D:2      | Noticed Sigmund
  1082 | D:2      | Killed Sigmund
  1082 | D:2      | Reached XP level 4. HP: 7/29 MP: 4/4
  1082 | D:2      | Reached XP level 5. HP: 8/33 MP: 5/5
  1555 | D:2      | Reached XP level 6. HP: 33/39 MP: 6/6
  2174 | D:3      | HP: 1/39 [gnoll sergeant/spear of piercing (1)]
  2492 | D:2      | Reached skill level 5 in Armour
  3116 | D:3      | Found a faded altar to an unknown god.
  3851 | D:4      | Reached XP level 7. HP: 44/44 MP: 7/7
  4167 | D:4      | Found Cgeolegie's Commerce Corner.
  4182 | D:4      | Noticed Grinder
  4185 | D:4      | Paralysed by Grinder for 3 turns
  4197 | D:4      | Paralysed by Grinder for 7 turns
  4204 | D:4      | Killed Grinder
  4204 | D:4      | Reached skill level 5 in Fighting
  4204 | D:4      | Reached skill level 5 in Shields
  4294 | D:4      | Found an oddly glowing altar of Pakellas.
  4419 | D:4      | Found a staircase to the Ecumenical Temple.
  4425 | Temple   | Entered the Ecumenical Temple
  4717 | D:5      | Entered Level 5 of the Dungeon
  4876 | D:5      | Found a radiant altar of Vehumet.
  4876 | D:5      | Found a sparkling altar of Nemelex Xobeh.
  4877 | D:5      | Found a snail-covered altar of Cheibriados.
  4889 | D:5      | Found a sacrificial altar of Ru.
  5160 | D:5      | Reached XP level 8. HP: 32/51 MP: 8/8
  5201 | D:5      | Reached skill level 5 in Maces & Flails
  5509 | D:4      | Bought a +2 cloak for 198 gold pieces
  5642 | D:6      | Found a bloodstained altar of Trog.
  6277 | D:7      | Gained mutation: You are surrounded by a mild repulsion field (EV +2). [mutagenic meat]
  6279 | D:7      | Gained mutation: You can translocate small distances at will. [mutagenic meat]
  6280 | D:7      | Gained mutation: You are frail (-10% HP). [mutagenic meat]
  6281 | D:7      | Gained mutation: You are covered in fur (AC +1). [mutagenic meat]
  6285 | D:7      | Gained mutation: You have a pair of small horns on your head. [potion of mutation]
  6286 | D:7      | Gained mutation: Your muscles are strong. (Str +2) [potion of mutation]
  6286 | D:7      | Gained mutation: You have large cloven feet. [potion of mutation]
  6286 | D:7      | Gained mutation: You are clumsy. (Dex -2) [potion of mutation]
  6287 | D:7      | Gained mutation: Your body sometimes deteriorates upon taking damage. [potion of mutation]
  6319 | D:7      | Reached XP level 9. HP: 44/50 MP: 9/9
  6619 | D:7      | HP: 2/51 [killer bee (3)]
  6890 | D:7      | Noticed Pikel
  6915 | D:7      | Killed Pikel
  6972 | D:7      | Found a sparkling altar of Nemelex Xobeh.
  6997 | D:7      | Found a shadowy altar of Dithmenos.
  7246 | D:8      | Found Witigeut's Assorted Antiques.
  7278 | D:8      | Noticed dobroeutro's ghost (novice GrFi)
  7305 | D:8      | Killed dobroeutro's ghost
  7305 | D:8      | Reached XP level 10. HP: 44/57 MP: 10/10
  7447 | D:8      | Found an oddly glowing altar of Pakellas.
  7941 | D:8      | You fall through a shaft!
  8010 | D:9      | You fall through a shaft for 3 floors!
  8172 | D:11     | Noticed Harold
  8182 | D:11     | Killed Harold
  8182 | D:11     | Reached XP level 11. HP: 63/63 MP: 11/11
  8202 | D:11     | Noticed a seven-headed hydra
  8231 | D:10     | Entered Level 10 of the Dungeon
  8292 | D:10     | Noticed a hill giant
  8422 | D:8      | Slain by a porcupine

Vault maps used:
D:1:      onia_arrival_pentagram, tso_metal_star
D:2:      minmay_door_path, uniq_sigmund
D:3:      ecumenical_altar_1, gup_sewer_entry_bubbles
D:4:      kennysheep_mini, minmay_temple_entry_grid, first_bread,
          roderic_nine_men_s_morris, nicolae_alphabet_shops, uniq_grinder
D:5:      nicolae_overflow_quartered_altars, st_stairs_9
D:6:      lemuel_crystal_altar
D:7:      grunt_dithmenos_smoke_and_mirrors, the_bakery,
          nemelex_spade_bored_becter, uniq_pikel
D:8:      serial_shops, nicolae_shop_overgrown_old_shop, grunt_pakellas_mercury
D:9:      lemuel_coloured_pillars_altar, minmay_lair_entry_grove
D:10:     special_room
D:11:     zombieorc1_lemuel, portal_ice_cave_entry_pillars_02,
          hangedman_abyss_or_decor_passed, nicolae_gozag_seed_capital,
          uniq_fannar, uniq_harold
D:12:     serial_shops, shop
Temple:   circular_temple_12

Skill      XL: |  1  2  3  4  5  6  7  8  9 10 |
---------------+-------------------------------+-----
Fighting       | 4 5 6 8 9 |  9.6
Maces & Flails | 3 4 5 7 8 |  8.7
Armour         | 4 5 6 7 8 9 |  9.9
Shields        | 4 5 6 8 9 |  9.5

Action                   |  1- 3 |  4- 6 |  7- 9 | 10-12 || total
-------------------------+-------+-------+-------+-------++-------
Melee: Flail             |   126 |   224 |       |       ||   350
       Morningstar       |       |    99 |   433 |   269 ||   801
       Hand axe          |       |    23 |       |       ||    23
       Spear             |       |     1 |       |       ||     1
       Kick              |       |       |    39 |    64 ||   103
       Headbutt          |       |       |    25 |    47 ||    72
  Use: Scroll            |       |     1 |    19 |       ||    20
       Potion            |       |     3 |     5 |     1 ||     9
  Eat: Chunk             |       |    10 |    17 |     9 ||    36
       Bread ration      |       |       |       |     1 ||     1
Armor: Scale mail        |    77 |   207 |   348 |   190 ||   822
       Ring mail         |       |       |       |    28 ||    28
Dodge: Dodged            |    39 |   137 |   334 |   208 ||   718
Block: Shield            |    84 |   157 |       |       ||   241
       Buckler           |       |    39 |   211 |   163 ||   413
